NYP
MINNESOTA (NYP) TWINS @ VERMONT LAKE MONSTERS
08/12/2048
 
TOP OF THE 1ST
Minnesota (NYP) Twins batting - Pitching for Vermont Lake Monsters : RHP Kyle Rasor
Pitching: RHP Kyle Rasor
Batting: RHB David McClellan 0-0: Ball
1-0: Called Strike
1-1: Swinging Strike
1-2: Ball
2-2: Foul Ball, location: 2F
2-2: Foul Ball, location: 2F
2-2: Foul Ball, location: 2F
2-2: Strikes out swinging
Batting: RHB Sergio Gomez 0-0: Called Strike
0-1: Swinging Strike
0-2: Foul Ball, location: 2F
0-2: Strikes out swinging
Batting: LHB Tomas Espino 0-0: Ball
1-0: Called Strike
1-1: Ball
2-1: SINGLE (Groundball, 4D, EV 106.2 MPH)
Batting: RHB Steve Terrell 0-0: Ball
1-0: Ball
2-0: Ball
3-0: Base on Balls
Tomas Espino to second
Batting: LHB Ryuuichi Shintani 0-0: Ball
1-0: Called Strike
1-1: Called Strike
1-2: Strikes out swinging
Top of the 1st over - 0 runs, 1 hit, 0 errors, 2 left on base; Minnesota (NYP) 0 - Vermont 0
BOTTOM OF THE 1ST
Vermont Lake Monsters batting - Pitching for Minnesota (NYP) Twins : RHP Gary Triska
Pitching: RHP Gary Triska
Batting: RHB Josh Mauer 0-0: Called Strike
0-1: Ball
1-1: Foul Ball, location: 2F
1-2: SINGLE (Groundball, 56D, EV 110.6 MPH) (infield hit)
Batting: RHB Alberto Malagon 0-0: Called Strike
Josh Mauer steals 2nd, throwing error, E2
Josh Mauer to third
0-1: Ball
Wild Pitch!
Josh Mauer scores
1-1: Called Strike
1-2: Ball
2-2: Foul Ball, location: 2F
2-2: Ground out 2-3 (Groundball, 13S, EV 68.1 MPH)
Batting: LHB Ed Talamantes 0-0: Ball
1-0: Fly out, F8 (Flyball, 78M, EV 83.1 MPH)
Batting: LHB Brian Puccio 0-0: Called Strike
0-1: Called Strike
0-2: Foul Ball, location: 2F
0-2: Ball
1-2: Strikes out swinging
Bottom of the 1st over - 1 run, 1 hit, 1 error, 0 left on base; Minnesota (NYP) 0 - Vermont 1
TOP OF THE 2ND
Minnesota (NYP) Twins batting - Pitching for Vermont Lake Monsters : RHP Kyle Rasor
Batting: RHB Alexandre Garcia 0-0: Ball
1-0: Foul Ball, location: 2F
1-1: Ball
2-1: Foul Ball, location: 2F
2-2: Ground out 4-3 (Groundball, 4S, EV 82.5 MPH)
Batting: LHB Yasutoshi Hayashi 0-0: Swinging Strike
0-1: Called Strike
0-2: Ball
1-2: Strikes out swinging
Batting: LHB Ben Roth 0-0: Called Strike
0-1: Swinging Strike
0-2: Foul Ball, location: 2F
0-2: Ball
1-2: Strikes out swinging
Top of the 2nd over - 0 runs, 0 hits, 0 errors, 0 left on base; Minnesota (NYP) 0 - Vermont 1
BOTTOM OF THE 2ND
Vermont Lake Monsters batting - Pitching for Minnesota (NYP) Twins : RHP Gary Triska
Batting: LHB Nick Pacheco 0-0: Ball
1-0: Called Strike
1-1: Swinging Strike
1-2: Ball
2-2: Fly out, F4 (Popup, 3S, EV 81.2 MPH)
Batting: RHB Chris Prinzing 0-0: Foul Ball, location: 2F
0-1: Ball
1-1: Foul Ball, location: 2F
1-2: Strikes out swinging
Batting: SHB Steve Salafia 0-0: Swinging Strike
0-1: Ball
1-1: Ball
2-1: SINGLE (Line Drive, 8LS, EV 87.5 MPH)
Batting: RHB Jon Coleman 0-0: SINGLE (Groundball, P, EV 81.9 MPH) (infield hit)
Steve Salafia to second
Batting: RHB Walt Alaniz 0-0: Fielders Choice at 2nd, 5-4 (Groundball, 56, EV 88.1 MPH)
Bottom of the 2nd over - 0 runs, 2 hits, 0 errors, 2 left on base; Minnesota (NYP) 0 - Vermont 1
TOP OF THE 3RD
Minnesota (NYP) Twins batting - Pitching for Vermont Lake Monsters : RHP Kyle Rasor
Batting: SHB Juan Aguilar 0-0: Ball
1-0: Foul Ball, location: 2F
1-1: Foul Ball, location: 2F
1-2: Strikes out swinging
Batting: RHB David McClellan 0-0: Swinging Strike
0-1: Ball
1-1: Foul Ball, location: 2F
1-2: Fly out, F8 (Flyball, 78XD, EV 105.6 MPH)
Batting: RHB Sergio Gomez 0-0: Called Strike
0-1: Ball
1-1: Foul Ball, location: 2F
1-2: Ground out 6-3 (Groundball, 56D, EV 85.6 MPH)
Top of the 3rd over - 0 runs, 0 hits, 0 errors, 0 left on base; Minnesota (NYP) 0 - Vermont 1
BOTTOM OF THE 3RD
Vermont Lake Monsters batting - Pitching for Minnesota (NYP) Twins : RHP Gary Triska
Batting: RHB Josh Mauer 0-0: Called Strike
0-1: Ball
1-1: SINGLE (Groundball, 6MD, EV 95.0 MPH)
Batting: RHB Alberto Malagon 0-0: Swinging Strike
0-1: Ball
1-1: Fielders Choice at 2nd, 4-6 (Groundball, 4, EV 80.6 MPH)
Batting: LHB Ed Talamantes 0-0: Ball
1-0: Ball
2-0: Swinging Strike
2-1: Foul Ball, location: 2F
2-2: Strikes out swinging
Batting: LHB Brian Puccio 0-0: Called Strike
Alberto Malagon steals 2nd base
0-1: Swinging Strike
0-2: Ball
1-2: Strikes out looking
Bottom of the 3rd over - 0 runs, 1 hit, 0 errors, 1 left on base; Minnesota (NYP) 0 - Vermont 1
TOP OF THE 4TH
Minnesota (NYP) Twins batting - Pitching for Vermont Lake Monsters : RHP Kyle Rasor
Batting: LHB Tomas Espino 0-0: Foul Ball, location: 2F
0-1: Ball
1-1: Foul Ball, location: 2F
1-2: SINGLE (Groundball, 56S, EV 63.8 MPH) (infield hit)
Batting: RHB Steve Terrell 0-0: Ball
1-0: Swinging Strike
1-1: Fielders Choice at 2nd, 4-6 (Groundball, 4, EV 98.8 MPH)
Batting: LHB Ryuuichi Shintani 0-0: Ball
1-0: Ball
2-0: Called Strike
2-1: Swinging Strike
2-2: Strikes out swinging
Batting: RHB Alexandre Garcia 0-0: Ball
Steve Terrell steals 2nd base
1-0: Swinging Strike
1-1: Swinging Strike
1-2: Strikes out looking
Top of the 4th over - 0 runs, 1 hit, 0 errors, 1 left on base; Minnesota (NYP) 0 - Vermont 1
BOTTOM OF THE 4TH
Vermont Lake Monsters batting - Pitching for Minnesota (NYP) Twins : RHP Gary Triska
Batting: LHB Nick Pacheco 0-0: Called Strike
0-1: Fly out, F8 (Flyball, 8RD, EV 81.2 MPH)
Batting: RHB Chris Prinzing 0-0: Called Strike
0-1: Ball
1-1: Ball
2-1: Foul Ball, location: 2F
2-2: Fly out, F8 (Flyball, 8LS, EV 79.4 MPH)
Batting: SHB Steve Salafia 0-0: Ball
1-0: Called Strike
1-1: DOUBLE (Flyball, 78D, EV 103.8 MPH)
Batting: RHB Jon Coleman 0-0: Ground out 6-3 (Groundball, 6, EV 80.0 MPH)
Bottom of the 4th over - 0 runs, 1 hit, 0 errors, 1 left on base; Minnesota (NYP) 0 - Vermont 1
TOP OF THE 5TH
Minnesota (NYP) Twins batting - Pitching for Vermont Lake Monsters : RHP Kyle Rasor
Batting: LHB Yasutoshi Hayashi 0-0: Foul Ball, location: 2F
0-1: Called Strike
0-2: Strikes out swinging
Batting: LHB Ben Roth 0-0: Foul Ball, location: 2F
0-1: Ball
1-1: Ball
2-1: Swinging Strike
2-2: Strikes out swinging
Batting: SHB Juan Aguilar 0-0: Ball
1-0: Ball
2-0: Called Strike
2-1: Foul Ball, location: 2F
2-2: Foul Ball, location: 2F
2-2: Foul Ball, location: 2F
2-2: Ground out U3 (Groundball, 34S, EV 84.4 MPH)
Top of the 5th over - 0 runs, 0 hits, 0 errors, 0 left on base; Minnesota (NYP) 0 - Vermont 1
BOTTOM OF THE 5TH
Vermont Lake Monsters batting - Pitching for Minnesota (NYP) Twins : RHP Gary Triska
Batting: RHB Walt Alaniz 0-0: Ball
1-0: SINGLE (Line Drive, 8LS, EV 96.9 MPH)
Batting: RHB Josh Mauer 0-0: Ground out 5-3 (Groundball, 56S, EV 71.9 MPH)
Walt Alaniz to second
Batting: RHB Alberto Malagon 0-0: SINGLE (Groundball, 6MS, EV 73.8 MPH) (infield hit)
Walt Alaniz to third
Batting: LHB Ed Talamantes 0-0: Ball
Alberto Malagon steals 2nd base
1-0: Ball
2-0: Swinging Strike
2-1: Ball
3-1: Foul Ball, location: 2F
3-2: Foul Ball, location: 2F
3-2: Strikes out looking
Batting: LHB Brian Puccio 0-0: Ball
1-0: Ball
2-0: Called Strike
2-1: Ball
3-1: Foul Ball, location: 2F
3-2: Foul Ball, location: 2F
3-2: Fly out, F7 (Flyball, 78M, EV 96.9 MPH)
Bottom of the 5th over - 0 runs, 2 hits, 0 errors, 2 left on base; Minnesota (NYP) 0 - Vermont 1
TOP OF THE 6TH
Minnesota (NYP) Twins batting - Pitching for Vermont Lake Monsters : RHP Kyle Rasor
Batting: RHB David McClellan 0-0: Called Strike
0-1: Foul Ball, location: 2F
0-2: Ball
1-2: Strikes out swinging
Batting: RHB Sergio Gomez 0-0: Called Strike
0-1: Fly out, F8 (Flyball, 8RD, EV 98.8 MPH)
Batting: LHB Tomas Espino 0-0: Called Strike
0-1: Foul Ball, location: 2F
0-2: Foul Ball, location: 2F
0-2: Foul Ball, location: 2F
0-2: Fly out, F8 (Flyball, 8LXD, EV 100.0 MPH)
Top of the 6th over - 0 runs, 0 hits, 0 errors, 0 left on base; Minnesota (NYP) 0 - Vermont 1
BOTTOM OF THE 6TH
Vermont Lake Monsters batting - Pitching for Minnesota (NYP) Twins : RHP Gary Triska
Pitching: RHP Pat Adams
Batting: LHB Nick Pacheco 0-0: Ball
1-0: Ball
2-0: Fly out, F4 (Line Drive, 4, EV 76.9 MPH)
Batting: RHB Chris Prinzing 0-0: Ball
1-0: Called Strike
1-1: Foul Ball, location: 2F
1-2: Strikes out looking
Batting: SHB Steve Salafia 0-0: Ball
1-0: Ball
2-0: Called Strike
2-1: Foul Ball, location: 2F
2-2: Strikes out swinging
Bottom of the 6th over - 0 runs, 0 hits, 0 errors, 0 left on base; Minnesota (NYP) 0 - Vermont 1
TOP OF THE 7TH
Minnesota (NYP) Twins batting - Pitching for Vermont Lake Monsters : RHP Kyle Rasor
Batting: RHB Steve Terrell 0-0: Ball
1-0: Called Strike
1-1: Foul Ball, location: 2F
1-2: Ball
2-2: Foul Ball, location: 2F
2-2: Strikes out swinging
Batting: LHB Ryuuichi Shintani 0-0: SINGLE (Groundball, 56D, EV 102.5 MPH)
Batting: RHB Alexandre Garcia 0-0: Ball
Ryuuichi Shintani steals 2nd base
1-0: Swinging Strike
1-1: Called Strike
1-2: Ball
2-2: Strikes out swinging
Batting: LHB Yasutoshi Hayashi 0-0: Called Strike
0-1: Ball
1-1: Foul Ball, location: 2F
1-2: Ground out 4-3 (Groundball, 4M, EV 82.5 MPH)
Top of the 7th over - 0 runs, 1 hit, 0 errors, 1 left on base; Minnesota (NYP) 0 - Vermont 1
BOTTOM OF THE 7TH
Vermont Lake Monsters batting - Pitching for Minnesota (NYP) Twins : RHP Pat Adams
Batting: RHB Jon Coleman 0-0: Ball
1-0: Ball
2-0: Ball
3-0: Base on Balls
Batting: RHB Walt Alaniz 0-0: Ball
1-0: Swinging Strike
1-1: Foul Ball, location: 2F
1-2: Ball
2-2: Ball
3-2: Fielders Choice at 2nd, 6-4 (Groundball, 6, EV 85.6 MPH)
Batting: RHB Josh Mauer 0-0: Ball
1-0: Ball
2-0: Called Strike
2-1: Ball
3-1: Base on Balls
Walt Alaniz to second
Batting: RHB Alberto Malagon 0-0: Ball
1-0: Ball
2-0: Foul Ball, location: 2F
2-1: Foul Ball, location: 2F
2-2: Strikes out swinging
Batting: LHB Ed Talamantes 0-0: Ball
1-0: Ball
2-0: Foul Ball, location: 2F
2-1: Fielders Choice at 2nd, U4 (Groundball, 4M, EV 85.6 MPH)
Bottom of the 7th over - 0 runs, 0 hits, 0 errors, 2 left on base; Minnesota (NYP) 0 - Vermont 1
TOP OF THE 8TH
Minnesota (NYP) Twins batting - Pitching for Vermont Lake Monsters : RHP Kyle Rasor
Pitching: RHP Emanuel Andrade
Batting: LHB Ben Roth 0-0: Ball
1-0: Foul Ball, location: 2F
1-1: Swinging Strike
1-2: Strikes out looking
Batting: SHB Juan Aguilar 0-0: Ball
1-0: Foul Ball, location: 2F
1-1: Foul Ball, location: 2F
1-2: Ball
2-2: Ball
3-2: Ground out 4-3 (Groundball, 4, EV 85.6 MPH)
Batting: RHB David McClellan 0-0: SINGLE (Groundball, 5S, EV 67.5 MPH) (infield hit)
Batting: RHB Sergio Gomez 0-0: Swinging Strike
0-1: Called Strike
0-2: Ball
1-2: Strikes out swinging
Top of the 8th over - 0 runs, 1 hit, 0 errors, 1 left on base; Minnesota (NYP) 0 - Vermont 1
BOTTOM OF THE 8TH
Vermont Lake Monsters batting - Pitching for Minnesota (NYP) Twins : RHP Pat Adams
Batting: LHB Brian Puccio 0-0: Ball
1-0: Ball
2-0: Ball
3-0: Base on Balls
Batting: LHB Nick Pacheco 0-0: Ball
1-0: Ball
2-0: Called Strike
2-1: Ball
3-1: Called Strike
3-2: Foul Ball, location: 2F
3-2: 2-RUN HOME RUN (Flyball, 89XD, EV 111.2 MPH), Distance : 446 ft
Pitching: RHP Larry Muttart
Batting: RHB Chris Prinzing 0-0: Ball
1-0: Ball
2-0: Ball
3-0: Called Strike
3-1: Foul Ball, location: 2F
3-2: Base on Balls
Batting: SHB Steve Salafia 0-0: Ball
1-0: Ball
2-0: Ground out 6-3 (Groundball, 6D, EV 106.2 MPH)
Chris Prinzing to second
Batting: RHB Jon Coleman 0-0: Called Strike
0-1: Foul Ball, location: 2F
0-2: Foul Ball, location: 2F
0-2: Ball
1-2: Strikes out looking
Batting: RHB Walt Alaniz 0-0: Called Strike
0-1: Ball
1-1: Ball
2-1: Ball
3-1: Base on Balls
Pitching: RHP Cody Bryant
Batting: RHB Josh Mauer 0-0: Swinging Strike
0-1: TRIPLE (Line Drive, 89XD, EV 103.1 MPH)
Chris Prinzing scores
Walt Alaniz scores
Batting: RHB Alberto Malagon 0-0: Called Strike
0-1: Foul Ball, location: 2F
0-2: Strikes out swinging
Bottom of the 8th over - 4 runs, 2 hits, 0 errors, 1 left on base; Minnesota (NYP) 0 - Vermont 5
TOP OF THE 9TH
Minnesota (NYP) Twins batting - Pitching for Vermont Lake Monsters : RHP Emanuel Andrade
Batting: LHB Tomas Espino 0-0: Fly out, F5 (Popup, 5SF, EV 64.4 MPH)
Batting: RHB Steve Terrell 0-0: Ball
1-0: Ball
2-0: Ball
3-0: Base on Balls
Batting: LHB Ryuuichi Shintani 0-0: Called Strike
0-1: Hit by Pitch
Steve Terrell to second
Batting: RHB Alexandre Garcia 0-0: Ball
1-0: Called Strike
1-1: Swinging Strike
1-2: Ball
2-2: Foul Ball, location: 2F
2-2: Ball
3-2: Foul Ball, location: 2F
3-2: Fly out, F9 (Flyball, 9S, EV 84.4 MPH)
Pitching: RHP Bill Dillard
Batting: LHB Yasutoshi Hayashi 0-0: Fielders Choice at 2nd, 6-4 (Groundball, 6, EV 85.6 MPH)
Top of the 9th over - 0 runs, 0 hits, 0 errors, 2 left on base; Minnesota (NYP) 0 - Vermont 5
Tuesday, March 28th , 2023 - OOTP Baseball 23.10 Build 110